 Dungeon Crawl Stone Soup version 0.31.0-9-g3a7656b989 (webtiles) character file.

Game seed: 5842585089346720356

1256 SnakkuSnakku7 the Basher (level 8, -1/66 HPs)
             Began as an Armataur Hexslinger on Jan 25, 2024.
             Slain by Pikel
             ... wielding a +0 whip of flaming
              (11 damage)
             ... on level 6 of the Dungeon.
             The game lasted 00:08:47 (5264 turns).

SnakkuSnakku7 the Basher (Armataur Hexslinger)      Turns: 5264, Time: 00:08:47

Health: -1/66      AC:  6    Str: 15    XL:     8   Next: 26%
Magic:  9/9        EV:  8    Int: 14    God:
Gold:   337        SH:  0    Dex: 13    Spells: 9/9 levels left

rFire   . . .        a - +0 morningstar
rCold   . . .        (no shield)
rNeg    + . .        h - +0 ring mail
rPois   +            (no helmet)
rElec   .            q - +0 cloak
rCorr   .            (no gloves)
SInv    .            (no barding)
Will    .....        f - amulet of regeneration
Stlth   +            n - ring of poison resistance
HPRegen 1.11/turn    o - ring of positive energy
MPRegen 0.11/turn

%: roll
@: no status effects
A: large, deformed body, tough skin 3, armoured tail, roll 2
a: no special abilities


You were on level 6 of the Dungeon.
You visited 2 branches of the dungeon, and saw 8 of its levels.

You collected 337 gold pieces.

Inventory:

Hand Weapons
 a - a +0 morningstar (weapon)
Armour
 h - a +0 ring mail (worn)
 q - a +0 cloak (worn)
Jewellery
 e - a ring of magical power
 f - an amulet of regeneration (around neck)
 n - a ring of poison resistance (left hand)
 o - a ring of positive energy (right hand)
 u - a ring of ice
Scrolls
 b - 5 scrolls of poison
 g - a scroll of torment
 m - a scroll of vulnerability {unknown}
 p - 3 scrolls of enchant armour {unknown}
 s - a scroll of teleportation
 t - 5 scrolls of enchant weapon {unknown}
Potions
 c - a potion of haste {unknown}
 d - 2 potions of enlightenment
 i - 2 potions of heal wounds {unknown}
 j - 3 potions of curing {unknown}
 k - a potion of cancellation {unknown}
 l - a potion of might
 r - a potion of degeneration {unknown}
 v - a potion of resistance {unknown}
 w - a potion of magic {unknown}


   Skills:
 - Level 3.6 Fighting
 + Level 8.3 Maces & Flails
 - Level 1.3 Ranged Weapons
 - Level 1.3 Dodging
 - Level 1.0 Spellcasting
 - Level 2.6 Hexes
 - Level 0.8 Fire Magic


You had 9 spell levels left.
You didn't know any spells.
Your spell library contained the following spells:

 Spells                   Type           Power      Damage    Failure   Level
 Jinxbite                 Hex            16%        N/A       26%         2
 Foxfire                  Conj/Fire      4%         2x1d4     41%         1
 Magic Dart               Conj           0%         1d3       45%         1
 Sandblast                Erth           0%         2d4       45%         1
 Sigil of Binding         Hex            8%         N/A       45%         3
 Inner Flame              Hex/Fire       5%         N/A       58%         3
 Searing Ray              Conj           0%         2d4       61%         2
 Passwall                 Erth           0%         N/A       83%         3
 Stone Arrow              Conj/Erth      0%         3d7       83%         3
 Cause Fear               Hex            4%         N/A       86%         4
 Dimensional Bullseye     Hex/Tloc       2%         N/A       96%         4
 Animate Armour           Summ/Erth      0%         N/A       99%         4
 Brom's Barrelling Bould  Conj/Erth      0%         2d3       99%         4
 Fulminant Prism          Conj/Alch      0%         3d5       99%         4
 Summon Lightning Spire   Summ/Air       0%         N/A       99%         4
 Lee's Rapid Deconstruct  Erth           0%         3d4*      100%        5
 Plasma Beam              Fire/Air       0%         2x1d10    100%        6
 Starburst                Conj/Fire      0%         6d3       100%        6


Dungeon Overview and Level Annotations

Branches:
Dungeon (7/15)             Temple (1/1) D:6

Altars:
Ashenzari
Cheibriados
Dithmenos
Elyvilon
Fedhas
Gozag
Hepliaklqana
Nemelex Xobeh
Qazlal
Ru
Sif Muna
Trog
Uskayaw
Vehumet
Wu Jian
Yredelemnul
Zin
The Shining One

Annotations:
D:2 1 runed translucent door, Crazy Yiuf
D:6 Pikel
D:7 Maurice


Innate Abilities, Weirdness & Mutations

Armour fits poorly on your strangely shaped body.
You have extremely tough skin. (AC +3)
You have a long armoured tail.
You regenerate magic and health when rolling toward enemies. (Rampage Regen)


Message History

Pikel is severely wounded.
Pikel hits you but does no damage.
You hit Pikel but do no damage.
Pikel is severely wounded.
Pikel hits you with a +0 whip of flaming.
Pikel burns you.
You completely miss Pikel.
Pikel is severely wounded.
Pikel hits you with a +0 whip of flaming.
Pikel burns you.
You closely miss Pikel.
Pikel is severely wounded.
Pikel hits you with a +0 whip of flaming.
* * * LOW HITPOINT WARNING * * *
Pikel burns you.
* * * LOW HITPOINT WARNING * * *
You hit Pikel. You tail-slap Pikel.
Pikel is almost dead.
Pikel hits you with a +0 whip of flaming.
* * * LOW HITPOINT WARNING * * *
Pikel burns you.
* * * LOW HITPOINT WARNING * * *
You hit Pikel but do no damage.
Pikel is almost dead.
Pikel hits you with a +0 whip of flaming.
* * * LOW HITPOINT WARNING * * *
Pikel burns you.
* * * LOW HITPOINT WARNING * * *
You hit Pikel but do no damage.
Pikel is almost dead.
Pikel hits you with a +0 whip of flaming.
* * * LOW HITPOINT WARNING * * *
Pikel burns you.
* * * LOW HITPOINT WARNING * * *
Unknown command.
You hit Pikel but do no damage. You tail-slap Pikel, but do no damage.
Pikel is almost dead.
Pikel hits you with a +0 whip of flaming!
You die...
Pikel says, "Another soul for the market."

#.......#...####..###...
#.......#...............
#.......#...............
#.......#...............
#.......#...########....
#.......#...##....##....
#.......#...............
#####'###............>..
#.....@K5....(...##....
#.....##...##....######
#.....##...##...[##....
#..........##....##[...
#..........#...........
#..........#...........
#..........#...........
#######################


You could see Pikel and a lemure.

Vanquished Creatures
  Grinder (D:5)
  A steam dragon (D:6)
  A black bear (D:6)
  A phantom (D:5)
  A scorpion (D:6)
  4 jellies
  A howler monkey (D:5)
  A hound (D:5)
  A bombardier beetle (D:3)
  An orc priest (D:5)
  A gnoll bouda (D:4)
  An iguana (D:4)
  4 orc wizards
  Terence (D:2)
  9 adders
  5 gnolls
  A white imp (D:5)
  2 dart slugs
  A ribbon worm (D:2)
  15 orcs
  11 ball pythons
  7 bats
  6 endoplasms
  3 giant cockroaches
  3 goblins
  6 hobgoblins
  10 jackals (D:1)
  6 quokkas
  6 frilled lizards
  11 kobolds
  5 rats
127 creatures vanquished.

Notes
Turn   | Place    | Note
-------+----------+-------------------------------------------
     0 | D:1      | SnakkuSnakku7 the Armataur Hexslinger began the quest for
                  | the Orb.
     0 | D:1      | Reached XP level 1. HP: 15/15 MP: 2/2
    31 | D:1      | Reached skill level 1 in Fighting
   234 | D:1      | Reached XP level 2. HP: 24/24 MP: 3/3
   825 | D:2      | Reached XP level 3. HP: 30/30 MP: 4/4
  1102 | D:2      | Noticed Terence
  1269 | D:2      | Reached XP level 4. HP: 31/38 MP: 5/5
  1376 | D:2      | Found a runed translucent door.
  1377 | D:2      | Noticed Crazy Yiuf
  1633 | D:2      | Killed Terence
  1634 | D:2      | Reached skill level 1 in Maces & Flails
  2082 | D:3      | Reached skill level 2 in Maces & Flails
  2179 | D:3      | Reached XP level 5. HP: 46/46 MP: 6/6
  2590 | D:3      | Reached skill level 3 in Maces & Flails
  2683 | D:4      | You fall into a shaft and drop 3 floors!
  2719 | D:6      | Noticed a black bear
  2729 | D:6      | Killed a black bear
  2730 | D:6      | Reached XP level 6. HP: 52/52 MP: 7/7
  2879 | D:6      | Found a staircase to the Ecumenical Temple.
  2889 | Temple   | Entered the Ecumenical Temple
  2892 | D:6      | Noticed a steam dragon
  2990 | D:6      | Killed a steam dragon
  2991 | D:6      | Reached skill level 4 in Maces & Flails
  3040 | D:6      | Reached skill level 5 in Maces & Flails
  3065 | D:5      | Entered Level 5 of the Dungeon
  3098 | D:5      | Gained mutation: You regenerate magic and health when
                  | rolling toward enemies. (Rampage Regen) [Armataur growth]
  3098 | D:5      | Reached XP level 7. HP: 49/58 MP: 8/8
  3628 | D:4      | Reached skill level 6 in Maces & Flails
  4111 | D:5      | Found a blossoming altar of Fedhas.
  4126 | D:5      | Reached skill level 7 in Maces & Flails
  4141 | D:5      | Noticed Grinder
  4146 | D:5      | Paralysed by Grinder for 4 turns
  4152 | D:5      | Killed Grinder
  4153 | D:5      | Reached XP level 8. HP: 48/66 MP: 9/9
  4262 | D:5      | Found a stormy altar of Qazlal.
  4690 | D:5      | Reached skill level 8 in Maces & Flails
  4798 | D:6      | Found a basalt altar of Yredelemnul.
  5184 | D:7      | Noticed Maurice
  5228 | D:7      | Noticed Pikel
  5264 | D:6      | Slain by Pikel

Illustrated notes

Levels and vault maps discovered:
D:1:      spicycebolla_green_bress_n_ham_2, layout_basic, roderic_filled_cross
D:2:      minmay_chambers_of_twos, layout_basic, minivault_26,
          serial_bayou_pond_c, uniq_terence, uniq_crazy_yiuf_cottage
D:3:      layout_loops_ring
D:4:      layout_gridville
D:5:      layout_loops_ring, mainiacjoe_overflow_brackets,
          fedhas_ov_isle_minmay, uniq_grinder
D:6:      layout_gridville, yredelemnul_altar_generic, temple_fountains,
          nicolae_letterblocks [nicolae_letter_subblock,
          nicolae_letter_subblock, nicolae_letter_subblock,
          nicolae_letter_subblock, nicolae_letter_subblock,
          nicolae_letter_subblock, nicolae_letter_subblock,
          nicolae_letter_subblock, nicolae_letter_subblock,
          nicolae_letter_subblock, nicolae_letter_subblock,
          nicolae_letter_subblock, nicolae_letter_subblock,
          nicolae_letter_subblock, nicolae_letter_subblock,
          nicolae_letter_subblock, nicolae_letter_subblock,
          nicolae_letter_subblock, nicolae_letter_subblock,
          nicolae_letter_subblock, nicolae_letter_subblock,
          nicolae_letter_subblock, nicolae_letter_subblock,
          nicolae_letter_subblock, nicolae_letter_subblock]
D:7:      layout_loops_ring, makhleb_blood_cavern_becter, serial_undead,
          serial_undead_e, serial_undead_a, serial_undead_b, serial_undead_e,
          uniq_pikel, uniq_menkaure, uniq_maurice, uniq_duvessa
Temple:   nicolae_temple_superstar

Skill      XL: |  1  2  3  4  5  6  7  8 |
---------------+-------------------------+-----
Fighting       | 1 2 3 |  3.6
Maces & Flails | 2 3 5 7 8 |  8.3
Ranged Weapons | |  1.3
Dodging        | |  1.3
Spellcasting   | |  1.0
Hexes          | |  2.6
Fire Magic     | |  0.8

Action                     |  1- 3 |  4- 6 |  7- 9 || total
---------------------------+-------+-------+-------++-------
  Melee: Flail             |       |    67 |       ||    67
         Mace              |       |    17 |       ||    17
         Tailslap          |       |    18 |    25 ||    43
         Morningstar       |       |    48 |   175 ||   223
         Punch             |       |       |     4 ||     4
   Fire: Sling             |   179 |     6 |       ||   185
    Use: Scroll            |     3 |     4 |     1 ||     8
         Potion            |       |     2 |       ||     2
 Armour: Robe              |   101 |    18 |       ||   119
         Ring mail         |       |   114 |   158 ||   272
         Skin              |       |    23 |       ||    23
  Dodge: Dodged            |    66 |    66 |    75 ||   207
